 Dungeon Crawl Stone Soup version 0.29-a0-88-g03a7b78be7 (webtiles) character file.

Game seed: 9951902467881994413

7438 lordive the Covert (level 10, -1/49 HPs)
             Began as a Spriggan Enchanter on Feb 6, 2022.
             Was a High Priest of Okawaru.
             Killed by divine providence
             ... invoked by an orc priest
              (12 damage)
             ... on level 8 of the Dungeon.
             The game lasted 00:22:45 (11521 turns).

lordive the Covert (Spriggan Enchanter)            Turns: 11521, Time: 00:22:46

Health: -1/49      AC:  2    Str:  4    XL:     10   Next: 93%
Magic:  23/32      EV: 22    Int: 21    God:    Okawaru [*****.]
Gold:   461        SH:  0    Dex: 22    Spells: 12/25 levels left

rFire   . . .      SeeInvis +   F - +6 dagger (speed)
rCold   . . .      Faith    .   (no shield)
rNeg    . . .      Spirit   .   b - +0 robe
rPois   .          Reflect  .   (helmet restricted)
rElec   .          Harm     .   (no cloak)
rCorr   .          Rampage  .   (gloves unavailable)
Will    +....                   (boots unavailable)
Stlth   ++++++....              (no amulet)
HPRegen 0.16/turn               o - +6 ring of dexterity
MPRegen 0.23/turn               l - ring of magical power

@: very quick
A: very small, no large weapons, unfitting armour, see invisible, speed 3
a: Renounce Religion, Heroism, Finesse, Duel


You were on level 8 of the Dungeon.
You worshipped Okawaru.
Okawaru was extremely pleased with you.
You visited 2 branches of the dungeon, and saw 10 of its levels.

You collected 461 gold pieces.

Inventory:

Hand Weapons
 a - a +1 dagger
 B - a +0 dagger of protection
 F - a +6 dagger of speed (weapon)
 G - a +0 short sword of electrocution
 I - the +8 rapier of Equilibrium {elec, *Noise Dex+7}
   (You took it off an orc on level 9 of the Dungeon)

   It occasionally discharges a powerful burst of electricity upon striking a
   foe.
   Dex:       It affects your dexterity (+7).
   *Noise:    It may make noises in combat.
Missiles
 H - 8 poisoned darts
Armour
 b - a +0 robe (worn)
 f - a +1 cloak
 K - the +2 cloak "Kan Tunt" {rC- Str+6}
   (Okawaru gifted it to you on level 8 of the Dungeon)

   Str:       It affects your strength (+6).
   rC:        It makes you vulnerable to cold.
Jewellery
 l - a ring of magical power (right hand)
 o - a +6 ring of dexterity (left hand)
 E - a ring of fire
Wands
 x - a wand of digging (8)
 C - a wand of paralysis (8)
 J - a wand of flame (21)
Scrolls
 g - 6 scrolls of teleportation {unknown}
 i - 2 scrolls of holy word {unknown}
 j - 8 scrolls of identify {unknown}
 k - 3 scrolls of noise {unknown}
 p - 2 scrolls of fog {unknown}
 t - a scroll of amnesia {unknown}
 u - 2 scrolls of immolation {unknown}
 w - a scroll of magic mapping {unknown}
 y - a scroll of fear {unknown}
 A - a scroll of blinking {unknown}
Potions
 c - a potion of invisibility
 d - 3 potions of degeneration {unknown}
 e - 3 potions of mutation {unknown}
 h - 9 potions of curing {unknown}
 m - 2 potions of brilliance {unknown}
 n - a potion of magic {unknown}
 q - a potion of ambrosia {unknown}
 r - 2 potions of flight {unknown}
 s - 2 potions of attraction {unknown}
 v - a potion of resistance {unknown}
 z - a potion of heal wounds {unknown}
 D - a potion of berserk rage {unknown}


   Skills:
 * Level 3.2 Fighting
 * Level 5.5 Short Blades
 * Level 2.7 Armour
 * Level 6.4 Dodging
 + Level 13.8 Stealth
 + Level 8.0 Spellcasting
 * Level 9.3 Hexes
 * Level 5.1 Translocations
 - Level 2.7 Ice Magic
 * Level 3.7 Invocations


You had 12 spell levels left.
You knew the following spells:

 Your Spells              Type           Power      Damage    Failure   Level
a - Ensorcelled Hibernat  Hex/Ice        66%        N/A       1%          2
b - Confusing Touch       Hex            47%        N/A       1%          3
c - Dazzling Flash        Conj/Hex       54%        N/A       3%          3
d - Manifold Assault      Tloc           30%        N/A       26%         5

Your spell library contained the following spells:

 Spells                   Type           Power      Damage    Failure   Level
 Slow                     Hex            100%       N/A       1%          1
 Blink                    Tloc           60%        N/A       1%          2
 Lesser Beckoning         Tloc           30%        N/A       3%          3
 Anguish                  Hex/Necr       13%        N/A       12%         4
 Spider Form              Tmut/Pois      8%         N/A       24%         3
 Vampiric Draining        Necr           8%         2d6       24%         3
 Yara's Violent Unravell  Hex/Tmut       13%        3d7       32%         5
 Freezing Cloud           Conj/Ice/Air   6%         6-21      83%         5
 Alistair's Intoxication  Tmut/Pois      5%         N/A       91%         5
 Lightning Bolt           Conj/Air       4%         1d15      91%         5
 Borgnjor's Revivificati  Necr           4%         N/A       100%        8
 Necromutation            Tmut/Necr      4%         N/A       100%        8
 Death's Door             Necr           4%         N/A       100%        9
 Tukima's Dance           Hex            Unusable   N/A       N/A         3

Dungeon Overview and Level Annotations

Branches:
Dungeon (9/15)             Temple (1/1) D:5
   Lair: D:8-11         Orc: D:9-12

Altars:
Ashenzari
Cheibriados
Dithmenos
Elyvilon
Gozag
Hepliaklqana
Makhleb
Nemelex Xobeh
Okawaru
Qazlal
Ru
Sif Muna
Trog
Uskayaw
Wu Jian
Xom
Yredelemnul
Zin
The Shining One

Shops:
D:6 *


Innate Abilities, Weirdness & Mutations

You are very small and have problems with some larger weapons.
You are too small for most types of armour.
You have supernaturally acute eyesight. (SInv)
You cover ground extremely quickly. (Speed+++)


Message History

An orc priest comes into view. It is wielding a +0 hand axe.
You catch the helpless two-headed ogre completely off-guard!
You skewer the two-headed ogre like a kebab!!!
The two-headed ogre is almost dead.
The orc warrior closely misses you.
The orc priest shouts!
You hit the two-headed ogre.
The two-headed ogre is almost dead.
You hit the two-headed ogre but do no damage.
The two-headed ogre is almost dead.
The two-headed ogre completely misses you. x2
The orc warrior closely misses you.
You barely miss the two-headed ogre.
The two-headed ogre is almost dead.
The orc hits you but does no damage.
Casting: Confusing Touch (safe; 1% risk of failure)
Confirm with . or Enter, or press ? or * to list all spells.
Aiming: Ensorcelled Hibernation (safe; 1% risk of failure)
Press: ? - help, Shift-Dir - straight line, f - orc warrior
Aim: an orc warrior, wielding a +0 short sword, wearing a +0 chain mail and quivering boomerangs of dispersal (chance to affect: 62%)
The orc warrior resists with significant effort.
The orc warrior barely misses you. The two-headed ogre barely misses you.
The two-headed ogre closely misses you. The orc barely misses you.
Casting: Ensorcelled Hibernation (safe; 1% risk of failure)
Confirm with . or Enter, or press ? or * to list all spells.
Aiming: Ensorcelled Hibernation (safe; 1% risk of failure)
Press: ? - help, Shift-Dir - straight line, f/p - orc warrior
Aim: an orc warrior, wielding a +0 short sword, wearing a +0 chain mail and quivering boomerangs of dispersal (chance to affect: 62%)
The orc warrior resists with significant effort.
The orc warrior hits you with a +0 short sword.
The orc closely misses you.
The two-headed ogre hits you with a +0 dire flail!
The two-headed ogre completely misses you.
The orc priest invokes the aid of Beogh against you.
Beogh smites you!
* * * LOW HITPOINT WARNING * * *
The two-headed ogre gestures wildly.
The orc priest invokes the aid of Beogh against you.
Beogh smites you!
You die...

#......# ###.###### #...#.....
####### ###### #...#..... ......#
#....# #...#..... ......# #....#
###.#..... ......# #....#
#.#.....
......#####....###########.#.....
.......o.o..o.o.@.....>....######
.......####..O.##########))# #...
.......# ###### #.)####.#
#####..# #.)...... #..# ##.####..
#.## #..# #.. #.# ##.###.. #.#
#..##.. #.# ##.##..


You could see a two-headed ogre (confused), an orc warrior, an orc priest and an
orc.

Vanquished Creatures
  Erica (D:8)
  A two-headed ogre (D:6)
  Maurice (D:8)
  2 komodo dragons (D:9)
  An unseen horror (D:7)
  A kobold demonologist (D:8)
  Prince Ribbit (D:7)
  Sigmund (D:5)
  A shadow (D:6)
  2 basilisks (D:9)
  Menkaure (D:7)
  4 orc warriors
  An ice beast (D:6)
  2 ogres
  3 necrophages
  3 centaurs
  A phantom (D:7)
  11 kobold brigands
  2 bullfrogs
  7 scorpions
  A water moccasin zombie (D:6)
  A wyvern skeleton (D:7)
  A water moccasin skeleton (D:6)
  5 killer bees (D:8)
  2 howler monkeys (D:8)
  A bullfrog zombie (D:5)
  A centaur zombie (D:7)
  4 orc priests
  A gnoll shaman (D:6)
  2 jellies
  2 centaur skeletons (D:7)
  A hound (D:4)
  Crazy Yiuf (D:3)
  A bullfrog skeleton (D:3)
  Ijyb (D:5)
  3 iguanas
  7 orc wizards
  A howler monkey zombie (D:6)
  Robin (D:2)
  9 gnolls
  8 adders
  A white imp (D:7)
  3 ufetubi
  2 worms
  23 orcs
  5 bats
  6 endoplasms
  2 giant cockroaches
  13 goblins
  12 hobgoblins
  4 quokkas
  6 ball pythons
  4 frilled lizards
  18 kobolds
  6 rats
206 creatures vanquished.

Notes
Turn   | Place    | Note
-------+----------+-------------------------------------------
     0 | D:1      | lordive the Spriggan Enchanter began the quest for the Orb.
     0 | D:1      | Reached XP level 1. HP: 9/9 MP: 5/5
   724 | D:1      | Reached XP level 2. HP: 13/13 MP: 6/6
   774 | D:1      | Reached skill level 5 in Stealth
  1033 | D:1      | Learned a level 2 spell: Ensorcelled Hibernation
  1089 | D:1      | Found a faded altar of an unknown god.
  1644 | D:2      | Noticed Robin
  1912 | D:3      | Reached XP level 3. HP: 16/16 MP: 4/8
  2012 | D:3      | Reached XP level 4. HP: 14/21 MP: 2/9
  2273 | D:3      | Found a runed translucent door.
  2274 | D:3      | Noticed Crazy Yiuf
  2417 | D:3      | Found a stormy altar of Qazlal.
  2448 | D:3      | Learned a level 3 spell: Confusing Touch
  2462 | D:3      | Reached skill level 6 in Stealth
  2590 | D:3      | Found a burning altar of Makhleb.
  2753 | D:3      | Noticed a scorpion
  2800 | D:3      | Killed a scorpion
  2801 | D:3      | Reached XP level 5. HP: 25/25 MP: 11/11
  3107 | D:3      | Killed Crazy Yiuf
  3108 | D:3      | Reached skill level 7 in Stealth
  3189 | D:2      | Reached skill level 1 in Ice Magic
  3813 | D:2      | Killed Robin
  4454 | D:4      | Reached XP level 6. HP: 29/29 MP: 12/12
  4625 | D:4      | Reached skill level 5 in Hexes
  4961 | D:4      | Reached skill level 8 in Stealth
  4987 | D:4      | Reached XP level 7. HP: 26/32 MP: 14/14
  5516 | D:5      | Entered Level 5 of the Dungeon
  5516 | D:5      | Noticed Ijyb
  5525 | D:5      | Killed Ijyb
  5601 | D:5      | Found a staircase to the Ecumenical Temple.
  5624 | D:5      | Noticed Sigmund
  5629 | D:5      | Reached skill level 9 in Stealth
  5637 | D:5      | Killed Sigmund
  5667 | Temple   | Entered the Ecumenical Temple
  5935 | Temple   | Became a worshipper of Warmaster Okawaru
  6007 | D:5      | Reached skill level 5 in Spellcasting
  6195 | D:5      | Reached skill level 10 in Stealth
  6195 | D:5      | Reached XP level 8. HP: 37/37 MP: 17/17
  6273 | D:5      | Found an opulent altar of Gozag.
  6365 | D:5      | Found a shadowy altar of Dithmenos.
  6366 | D:5      | Found a sparkling altar of Nemelex Xobeh.
  6521 | D:6      | Found Aseepropn's CLEARANCE SALE!.
  6523 | D:6      | Noticed a two-headed ogre
  6532 | D:6      | Killed a two-headed ogre
  6532 | D:6      | Reached * piety under Okawaru
  6532 | D:6      | Reached ** piety under Okawaru
  6533 | D:6      | Reached skill level 1 in Fighting
  6533 | D:6      | Reached skill level 11 in Stealth
  6594 | D:6      | Reached skill level 1 in Invocations
  6598 | D:6      | Learned a level 3 spell: Dazzling Flash
  6604 | D:6      | Learned a level 5 spell: Manifold Assault
  6797 | D:6      | Reached XP level 9. HP: 24/41 MP: 6/19
  7119 | D:6      | Reached skill level 1 in Translocations
  7857 | D:6      | Reached skill level 12 in Stealth
  8071 | D:7      | Reached skill level 1 in Armour
  8085 | D:7      | Noticed an unseen horror
  8090 | D:7      | Killed an unseen horror
  8090 | D:7      | Reached *** piety under Okawaru
  8246 | D:7      | Got Fyif Riy's Volume of Gliding Moulding
  8731 | D:7      | Reached skill level 5 in Dodging
  9036 | D:7      | Noticed Prince Ribbit
  9047 | D:7      | Killed Prince Ribbit
  9100 | D:7      | Noticed Menkaure
  9107 | D:7      | Killed Menkaure
  9107 | D:7      | Reached **** piety under Okawaru
  9185 | D:7      | Found a bloodstained altar of Trog.
  9185 | D:7      | Found a glowing golden altar of the Shining One.
  9186 | D:7      | Found a shimmering altar of Xom.
  9481 | D:8      | Noticed a kobold demonologist
  9558 | D:8      | Killed a kobold demonologist
  9559 | D:8      | Reached XP level 10. HP: 47/47 MP: 21/21
  9848 | D:8      | Reached skill level 13 in Stealth
 10142 | D:8      | Noticed Erica
 10146 | D:8      | Killed Erica
 10147 | D:8      | Reached skill level 5 in Short Blades
 10294 | D:8      | Found a flagged portal.
 10338 | D:8      | Noticed Maurice
 10345 | D:8      | Killed Maurice
 10345 | D:8      | Reached ***** piety under Okawaru
 10346 | D:8      | Noticed a two-headed ogre
 10804 | D:9      | Reached skill level 5 in Translocations
 11055 | D:9      | Identified the +8 rapier of Equilibrium {elec, *Noise
                  | Dex+7}
 11472 | D:8      | Identified the +2 cloak "Kan Tunt" {rC- Str+6} (Okawaru
                  | gifted it to you on level 8 of the Dungeon)
 11472 | D:8      | Received a gift from Okawaru
 11521 | D:8      | Killed from afar by an orc priest

Illustrated notes

Levels and vault maps discovered:
D:1:      dpeg_chamrin_arrival_tetris, layout_basic, basic_ecumenical_altar
D:2:      layout_loops_ring, uniq_robin
D:3:      layout_basic, mainiacjoe_overflow_brackets, overflow_temple_1_default,
          minmay_misc_feat_tiny, minmay_randomly_rotated_circles,
          uniq_crazy_yiuf_cottage
D:4:      layout_basic, nicolae_figureground_sparkle
D:5:      layout_rooms, nicolae_overflow_squiral,
          nicolae_gozag_cash_rules_everything_around_me,
          minmay_temple_entry_statues_pillars, uniq_ijyb, uniq_sigmund
D:6:      layout_cave_pods, nicolae_shop_clearance
D:7:      layout_basic, nicolae_overflow_hidden_temple,
          amcnicky_mini_rare_corridor_liquid, uniq_prince_ribbit1, uniq_menkaure
D:8:      layout_basic, kiku_gazebo_pond_becter, enter_bailey_8, special_room
          [special_room_kobold], uniq_maggie, uniq_maurice, uniq_erica,
          uniq_joseph
D:9:      layout_long_grid, erik_lair_dragon, uniq_pikel
Temple:   minmay_temple_curvy_loop

Skill      XL: |  1  2  3  4  5  6  7  8  9 10 |
---------------+-------------------------------+-----
Stealth        | 5 6 7 8 10 11 12 13 | 13.8
Hexes          | 4 5 6 8 9 |  9.3
Dodging        | 3 4 5 6 |  6.4
Spellcasting   | 3 4 5 6 7 8 |  8.0
Short Blades   | 2 3 4 5 |  5.5
Ice Magic      | 1 2 |  2.7
Fighting       | 1 2 3 |  3.2
Invocations    | 1 2 3 |  3.7
Translocations | 3 5 |  5.1
Armour         | 1 2 |  2.7

Action                   |  1- 3 |  4- 6 |  7- 9 | 10-12 || total
-------------------------+-------+-------+-------+-------++-------
Melee: Dagger            |   107 |    95 |   131 |    70 ||   403
       Punch             |       |     1 |     3 |       ||     4
 Cast: Ensorcelled Hiber |    12 |    77 |    55 |    89 ||   233
       Confusing Touch   |       |     3 |    17 |     2 ||    22
 Stab: Sleeping          |    14 |    55 |    45 |    53 ||   167
       Confused          |       |     3 |    17 |     1 ||    21
       Distracted        |       |     1 |       |       ||     1
Armor: Robe              |    21 |    16 |     5 |     9 ||    51
Dodge: Dodged            |    88 |   116 |   113 |    92 ||   409

Table legend: (Time is in decaauts)
 A = Elapsed time spent in this place.
 B = Non-inter-level travel time spent in this place.
 C = Inter-level travel time spent in this place.
 D = Time resting spent in this place.
 E = Time spent auto-exploring this place.
 F = Levels seen in this place.
 G = Mean time per level.
                   A        B        C        D        E       F      G
               +--------+--------+--------+--------+--------+-----+--------+
         Total |   9243 |   9012 |    231 |   1964 |   5597 |  10 |  924.3 |
       Dungeon |   9050 |   8857 |    193 |   1964 |   5446 |   9 | 1005.6 |
        Temple |    193 |    155 |     38 |      0 |    151 |   1 |  193.0 |
               +--------+--------+--------+--------+--------+-----+--------+

Top non-repeatable levels by time:
     D:6: 1560 daAuts
     D:3: 1551 daAuts
     D:1: 1260 daAuts
     D:7: 1012 daAuts
     D:9: 848 daAuts
     D:4: 834 daAuts
     D:2: 706 daAuts
     D:8: 671 daAuts
     D:5: 605 daAuts
  Temple: 193 daAuts
